Map: 나이트쉐이드 - 래더

Players

Impact - Winner!

  • Race: Zerg Zerg
  • League: Grandmaster
  • Spawn Location: 11:00

TSGDynaMite (DynaMite)

  • Race: Terran Terran
  • League: Master
  • Spawn Location: 5:00

VOD

Have the link to the VOD?

Description

Time

  • Played on: Jan. 15, 2020, 7:02 a.m.
  • Length: 9:57
Show
View Real Time Build Order
Export as new Build Order

Impact Zerg - Winner!

Build Orders: Pool First 

Get SALT Encoding   

  12  0:00  Drone  
  13  0:12  Overlord  
  13  0:17  Drone  
  14  0:31  Drone x2  
  16  0:36  Drone  
  17  0:45  Extractor  
  17  0:46  Spawning Pool  
  17  0:49  Drone  
  16  0:55  Drone  
  17  1:06  Drone  
  18  1:20  Hatchery  
  17  1:32  Zergling x2  
  18  1:34  Queen  
  18  1:39  Drone  
  21  1:45  Metabolic Boost  
  21  1:52  Overlord  
  21  1:56  Zergling x2  
  22  2:10  Queen  
  22  2:13  Drone x2  
  26  2:21  Drone  
  27  2:33  Drone x2  
  27  2:34  Queen  
  31  2:46  Drone  
  31  2:47  Drone  
  33  2:51  Drone  
  33  2:52  Drone  
  33  2:58  Drone  
  35  2:59  Drone  
  35  3:05  Overlord  
  36  3:13  Pneumatized Carapace  
  36  3:16  Hatchery  
  35  3:21  Drone  
  35  3:24  Drone x2  
  35  3:25  Drone x2  
  40  3:31  Queen  
  42  3:36  Zergling x4  
  42  3:39  Overlord  
  44  3:48  Zergling x2, Roach Warren  
  44  3:58  Drone x6  
  44  3:59  Extractor  
  44  4:01  Drone  
  50  4:06  Queen  
  52  4:12  Overlord  
  52  4:16  Overlord x2  
  52  4:29  Roach  
  52  4:30  Roach x2  
  58  4:31  Roach  
  58  4:32  Roach  
  58  4:33  Roach  
  58  4:35  Roach  
  58  4:37  Roach  
  68  4:41  Roach  
  68  4:42  Roach  
  72  4:47  Drone  
  72  4:48  Drone x2  
  72  4:50  Drone  
  72  4:52  Drone  
  77  4:53  Overlord  
  77  4:56  Drone  
  78  5:03  Lair, Drone  
  78  5:05  Drone  
  80  5:09  Drone  
  80  5:15  Drone  
  80  5:16  Drone  
  80  5:17  Drone x3  
  80  5:18  Drone x3  
  86  5:26  Drone  
  86  5:29  Drone  
  86  5:31  Ravager  
  86  5:32  Drone x2  
  86  5:33  Overlord  
  86  5:34  Overlord  
  90  5:37  Overlord  
  83  5:44  Ravager  
  83  5:47  Drone x2  
  83  5:48  Drone x2  
  86  5:50  Drone  
  86  5:51  Extractor, Drone  
  86  5:52  Extractor x2  
  86  5:55  Drone x2  
  86  6:03  Zergling x8  
  88  6:04  Zergling x2  
  88  6:10  Drone x4  
  87  6:14  Glial Reconstitution  
  87  6:16  Drone x2  
  87  6:17  Drone  
  88  6:21  Drone x3  
  91  6:31  Hatchery, Drone x2  
  91  6:32  Drone x2, Evolution Chamber  
  93  6:33  Evolution Chamber  
  93  6:35  Drone x2  
  93  6:38  Drone x4  
  93  6:39  Extractor, Drone  
  98  6:43  Overlord  
  98  6:46  Overlord  
  98  6:48  Overlord  
  98  6:50  Overlord x2  
  98  7:00  Zerg Ground Armor Level 1, Zerg Missile Weapons Level 1  
  98  7:05  Roach  
  98  7:06  Roach x3  
  106  7:11  Roach x2  
  106  7:12  Roach  
  106  7:13  Nydus Network  
  106  7:14  Ravager  
  111  7:17  Roach x2  
  111  7:19  Roach  
  111  7:20  Roach  
  117  7:23  Overseer  
  117  7:24  Overseer  
  117  7:26  Overlord  
  117  7:27  Overlord  
  117  7:30  Ravager x2  
  117  7:31  Ravager  
  117  7:35  Roach x4  
  128  7:41  Drone  
  128  7:44  Drone  
  130  7:46  Spore Crawler, Roach x5  
  130  7:49  Roach  
  141  7:52  Roach  
  141  7:53  Ravager x2  
  141  7:56  Overlord x2  
  143  8:01  Drone x2  
  143  8:03  Drone x2  
  143  8:10  Drone x2  
  141  8:14  Roach  
  141  8:15  Roach x3  
  141  8:18  Overlord  
  149  8:24  Roach  
  149  8:25  Roach x3  
  149  8:27  Roach  
  157  8:33  Roach x3  
  153  8:36  Ravager  
  153  8:38  Roach  
  158  8:41  Roach x2  
  158  8:45  Nydus Canal  
  158  8:46  Roach  
  162  8:49  Roach  
  162  8:50  Overlord  
  162  8:53  Ravager x2  
  162  8:54  Ravager x3  
  168  8:56  Roach  
  168  8:57  Ravager  
  168  9:02  Nydus Canal, Overlord  
  171  9:04  Overlord  
  171  9:14  Roach x5  
  174  9:18  Roach  
  172  9:26  Roach x5  
  172  9:29  Overlord  
  172  9:31  Drone x7  
  185  9:32  Extractor x2  
  185  9:33  Baneling Nest  
  185  9:34  Ravager x2  
  185  9:35  Ravager  
Show
View Real Time Build Order
Export as new Build Order

TSGDynaMite Terran 

Build Orders: Reaper Expand 

Get SALT Encoding   

  12  0:00  SCV  
  13  0:12  SCV  
  14  0:16  Supply Depot  
  14  0:24  SCV  
  15  0:38  SCV  
  15  0:39  Barracks  
  16  0:43  Refinery  
  16  0:50  SCV  
  17  1:02  SCV  
  18  1:14  SCV  
  19  1:26  Orbital Command  
  19  1:27  Reaper  
  20  1:38  Command Center  
  20  1:46  Supply Depot  
  20  1:52  SCV  
  21  1:59  Marine  
  22  2:04  SCV  
  22  2:07  Factory  
  23  2:16  SCV  
  23  2:22  Barracks Reactor  
  24  2:28  SCV  
  25  2:40  SCV  
  26  2:45  Command Center  
  26  2:52  Orbital Command  
  26  2:53  SCV  
  26  3:05  SCV  
  27  3:07  Hellion x2, Barracks Tech Lab  
  30  3:17  SCV  
  30  3:18  SCV  
  31  3:25  Barracks  
  31  3:27  Marine, Stimpack  
  31  3:30  SCV  
  31  3:31  SCV  
  34  3:37  Hellion  
  34  3:39  Hellion  
  38  3:43  SCV x2  
  38  3:46  Marine  
  41  3:55  SCV x2  
  43  3:57  Orbital Command  
  43  4:01  Refinery  
  43  4:02  Hellion  
  45  4:04  Hellion  
  45  4:05  Marine  
  45  4:08  SCV  
  45  4:09  SCV  
  50  4:20  SCV, Supply Depot  
  50  4:23  SCV  
  52  4:24  Marine  
  52  4:29  SCV  
  52  4:31  Marine x2  
  54  4:32  SCV  
  54  4:34  Starport  
  54  4:35  SCV  
  54  4:36  Refinery  
  54  4:37  Factory Reactor  
  58  4:41  SCV  
  60  4:46  SCV  
  60  4:48  SCV  
  60  4:49  Marine x2  
  60  4:50  Marauder  
  65  4:53  Bunker  
  65  4:55  Bunker  
  64  5:04  Supply Depot  
  64  5:06  Marine, Supply Depot  
  64  5:07  Marine  
  65  5:10  SCV, Bunker  
  65  5:11  Marine, SCV  
  67  5:14  SCV  
  68  5:24  Combat Shield, Supply Depot  
  68  5:26  SCV  
  68  5:27  SCV x2  
  71  5:28  Engineering Bay  
  71  5:30  Marine x2, Marauder, Engineering Bay  
  71  5:31  Factory Reactor  
  75  5:38  SCV  
  74  5:47  Medivac x2  
  74  5:48  Marine  
  69  5:51  Marauder  
  69  5:53  SCV x2  
  69  5:54  Refinery  
  72  5:58  Terran Infantry Weapons Level 1  
  72  6:02  Terran Infantry Armor Level 1  
  72  6:03  Barracks  
  72  6:04  Marine  
  72  6:05  Marine  
  72  6:07  SCV  
  72  6:09  Orbital Command  
  73  6:12  Marine  
  73  6:16  SCV  
  73  6:19  Supply Depot  
  73  6:20  Liberator  
  73  6:22  Factory Tech Lab  
  73  6:25  Liberator  
  68  6:26  SCV  
  68  6:28  Marine x2, SCV  
  68  6:30  Marine  
  73  6:36  SCV  
  77  6:40  Supply Depot x2  
  77  6:41  SCV x2  
  82  6:48  SCV  
  82  6:53  SCV, Supply Depot  
  84  6:54  Marine  
  84  6:59  Barracks  
  84  7:01  Marine x2  
  85  7:02  SCV  
  85  7:05  SCV  
  85  7:07  Siege Tank  
  88  7:12  Marine, SCV  
  88  7:13  Marine x2  
  88  7:15  SCV  
  91  7:21  SCV  
  92  7:24  Marine x2, SCV  
  92  7:27  SCV  
  92  7:28  Medivac x2  
  92  7:29  Marine  
  100  7:34  Marine  
  100  7:36  Marine  
  103  7:40  Barracks  
  103  7:41  Supply Depot, Barracks, Armory, Siege Tank  
  103  7:43  SCV x2  
  108  7:44  Marine  
  108  7:47  Barracks Reactor  
  108  7:48  Barracks  
  109  7:55  Refinery x2  
  109  8:02  Marine x4  
  109  8:03  SCV x2, Medivac  
  117  8:10  Supply Depot  
  117  8:12  Marine, SCV  
  115  8:15  SCV  
  115  8:16  Concussive Shells  
  117  8:23  Marine x2  
  117  8:24  SCV  
  117  8:29  Marine  
  117  8:30  Medivac  
  117  8:31  Marine x4, Siege Tank  
  120  8:38  Barracks Tech Lab  
  120  8:41  Marine  
  120  8:44  Supply Depot  
  120  8:45  Supply Depot  
  120  8:46  Marine  
  120  8:48  Barracks Reactor x2  
  122  8:49  Marauder  
  122  8:51  SCV  
  125  8:58  Sensor Tower  
  125  9:01  Supply Depot  
  125  9:02  SCV, Supply Depot  
  126  9:06  SCV  
  118  9:12  Marine x2, Marauder  
  118  9:13  Marine x4, Marauder  
  118  9:14  Siege Tank  
  114  9:19  Medivac  
  114  9:20  SCV x2  
  102  9:24  Medivac  
  102  9:28  Marine x3  
  102  9:29  Marine  
  102  9:30  Marine  
  105  9:32  SCV  
Tags
 
Add a new tag
Caveats
  • Supply blocks, unpowered buildings, or Contaminate may cause inaccurate times.
  • Supply counts are checked every 10 seconds.